AoeStats
← CaptainThomas

MegaRandom

503389997Analyzed
1v1 RM · 1mo ago on Aug 31, 2026· 55m 4s· 2 players
Game mode
Random Map
Map size
Tiny (2 player)
Population
200
Speed
Normal
Resources
Standard
Victory
Conquest
Starting age
Dark Age
Ending age
Imperial Age
RankedLock teamsTeams togetherTeam positionsShared explorationLock speedFull tech treeHidden civsTurbo modeCheats
Victory
Defeat
🇫🇷 Japanese · France
1671
+18
🇩🇪 Bulgarians · Germany
1707
-18
CaptainThomas
6:46 Loom
9:43 Feudal Age
17:35 Castle Age
15:45 Horse Collar
16:05 Double-Bit Axe
16:44 Gold Mining
17:44 Pikeman
18:49 Scale Mail Armor
18:52 Town Watch
19:44 Wheelbarrow
21:45 Heavy Plow
22:21 Bow Saw
26:16 Hand Cart
29:21 Imperial Age
29:27 Imperial Age
27:00 Fletching
26:57 Crossbowman
30:42 Bodkin Arrow
32:00 Bracer
33:13 Padded Archer Armor
34:41 Ballistics
34:13 Arbalester
36:39 Chain Mail Armor
38:30 Squires
37:54 Halberdier
39:59 Squires
40:15 Forging
42:16 Chemistry
42:40 Thumb Ring
43:53 Gold Shaft Mining
43:09 Stone Mining
44:31 Two-Man Saw
43:00 Elite Skirmisher
44:34 Plate Mail Armor
45:21 Conscription
45:27 Masonry
44:58 Treadmill Crane
47:03 Arson
47:42 Leather Archer Armor
48:04 Iron Casting
49:48 Ring Archer Armor
50:02 Bloodlines
49:12 Light Cavalry
50:14 Husbandry
51:16 Blast Furnace
50:22 Scale Barding Armor
50:33 Town Watch
52:23 Chain Barding Armor
51:33 Capped Ram
Melle50939
8:11 Loom
10:15 Feudal Age
8:52 Loom
10:39 Feudal Age
15:06 Castle Age
13:16 Double-Bit Axe
14:24 Scale Barding Armor
16:02 Bow Saw
18:54 Town Watch
19:18 Stone Mining
20:12 Horse Collar
23:10 Squires
23:26 Scale Mail Armor
23:54 Forging
24:44 Chain Mail Armor
25:33 Arson
26:35 Iron Casting
27:09 Wheelbarrow
27:21 Gambesons
29:06 Heavy Plow
30:27 Fletching
30:34 Gold Mining
31:39 Chain Barding Armor
31:50 Bloodlines
31:41 Husbandry
40:12 Imperial Age
39:11 Hand Cart
41:30 Plate Barding Armor
40:24 Cavalier
41:31 Masonry
41:56 Plate Mail Armor
44:32 Gold Shaft Mining
44:08 Stirrups
44:34 Conscription
44:34 Light Cavalry
46:24 Bodkin Arrow
47:15 Bracer
47:17 Padded Archer Armor
47:59 Elite Skirmisher
48:59 Leather Archer Armor
50:18 Blast Furnace
50:53 Chemistry
50:47 Ballistics
51:30 Murder Holes
51:52 Pikeman
52:20 Halberdier
52:54 Capped Ram
Connection lost

Rejoining the realm…

Still unreachable

The connection could not be restored.

Session expired

The server has moved on; the page needs a fresh start.